 Dungeon Crawl Stone Soup version 0.24-b1 (webtiles) character file.

Game seed: 6168526850063020211, levelgen mode: deterministic

130708 Heliosone the Brawler (level 16, -6/250 HPs)
             Began as a Troll Fighter on Oct 12, 2019.
             Was the Champion of Jiyva.
             Mangled by a large abomination (24 damage)
             ... on level 3 of the Abyss.
             The game lasted 01:34:58 (30497 turns).

Heliosone the Brawler (Troll Fighter)              Turns: 30497, Time: 01:34:59

Health: -6/250     AC: 21    Str: 27      XL:     16   Next: 53%
Magic:  0/13       EV:  4    Int:  1 (6)  God:    Jiyva [******]
Gold:   1476       SH: 10    Dex:  5 (14) Spells: 15/15 levels left

rFire    + . .     SeeInvis .     - Unarmed
rCold    + . .     Gourm    +   b - +0 shield
rNeg     . . .     Faith    .   F - +2 gold dragon scales
rPois    +         Spirit   +   u - +2 hat
rElec    .         Reflect  .   s - scarf {Spirit}
rCorr    +         Harm     .   (gloves unavailable)
MR       ++...     Rnd*Tele +   (boots unavailable)
Stlth    ..........             j - amulet of rage
HPRegen  1.31/turn              S - +2 ring of slaying
MPRegen  0.13/turn              t - +2 ring of protection

@: berserking, slowed, lost intelligence, studying Armour, drained
A: large, unfitting armour, claws 3, fangs 1, see invisible, [blurry vision 1],
[deformed body], [deterioration 2], [dopey 2], fast metabolism 3, gourmand, [low
mp 1], magic resistance 1, regeneration 2, shaggy fur 1, teleportitis 1[+1],
tough skin 3, pseudopods 1, tendrils, jelly absorbing missiles
a: Request Jelly, Slimify, Cure Bad Mutation, Renounce Religion, Evoke Berserk
Rage


You were on level 3 of the Abyss.
You worshipped Jiyva.
Jiyva was exalted by your worship.
You were completely stuffed.

You visited 5 branches of the dungeon, and saw 25 of its levels.
You visited the Abyss 1 time.
You also visited: Bailey and Volcano.

You collected 2222 gold pieces.
You spent 746 gold pieces at shops.

Inventory:

Missiles
 f - 5 curare-tipped darts
 p - 17 javelins
 W - 26 large rocks (quivered)
Armour
 b - a +0 shield (worn)
 m - +0 fire dragon scales
 s - a scarf of spirit shield (worn)
 u - a +2 hat (worn)
 E - a scarf of resistance
 F - +2 gold dragon scales (worn)
 J - a scarf of repulsion
Jewellery
 j - an amulet of rage (around neck)
 t - a +2 ring of protection (right claw)
 H - an uncursed ring of ice
 S - a +2 ring of slaying (left claw)
 T - an uncursed ring of see invisible
 Y - an uncursed ring of protection from fire
Wands
 y - a wand of acid (23)
 K - a wand of scattershot (12)
 N - a wand of enslavement (9)
 P - a wand of flame (21)
 R - a wand of digging (5)
Scrolls
 a - 2 scrolls of summoning {unknown}
 e - a scroll of amnesia {unknown}
 k - 11 scrolls of teleportation
 n - 5 scrolls of blinking
 r - 6 scrolls of enchant weapon
 x - 2 scrolls of fear
 A - 9 scrolls of remove curse
 C - a scroll of vulnerability {unknown}
 D - 3 scrolls of magic mapping
 I - 2 scrolls of torment {unknown}
 U - 2 scrolls of identify
Potions
 c - 2 potions of might
 g - 4 potions of cancellation
 i - a potion of resistance
 o - 3 potions of lignification
 q - 4 potions of berserk rage
 w - 2 potions of brilliance {unknown}
 z - 2 potions of flight
 B - 6 potions of curing
 L - 2 potions of magic {unknown}
 O - 2 potions of degeneration {unknown}
 Q - 3 potions of mutation
 X - 2 potions of agility {unknown}
Books
 G - a manual of Armour
Comestibles
 d - 19 rations


   Skills:
 + Level 12.8(11.7) Fighting
 - Level 8.0(7.1) Throwing
 + Level 11.0(10.0) Armour
 - Level 10.1(9.1) Dodging
 - Level 9.0(8.1) Shields
 + Level 15.5(14.4) Unarmed Combat


You had 15 spell levels left.
You didn't know any spells.
Your spell library contained the following spells:

 Spells                   Type           Power        Failure   Level  Hunger
 Freeze                   Ice            #...         100%        1    ##.....
 Infusion                 Chrm           #...         100%        1    ##.....
 Summon Butterflies       Summ           #.......     100%        1    ##.....
 Shroud of Golubria       Chrm/Tloc      #.....       100%        2    ###....
 Song of Slaying          Chrm           #.......     100%        2    ###....
 Throw Frost              Conj/Ice       #.....       100%        2    ###....
 Call Canine Familiar     Summ           #.......     100%        3    ####...
 Gell's Gravitas          Tloc           #.........   100%        3    ####...
 Ozocubu's Armour         Chrm/Ice       #.......     100%        3    ####...
 Recall                   Summ/Tloc      N/A          100%        3    ####...
 Regeneration             Chrm/Necr      #.........   100%        3    ####...
 Spectral Weapon          Hex/Chrm       #.......     100%        3    ####...
 Animate Dead             Necr           N/A          100%        4    #####..
 Summon Ice Beast         Ice/Summ       #.......     100%        4    #####..
 Throw Icicle             Conj/Ice       #.......     100%        4    #####..
 Borgnjor's Vile Clutch   Necr/Erth      #.........   100%        5    ######.
 Summon Mana Viper        Hex/Summ       #.......     100%        5    ######.
 Death Channel            Necr           #.........   100%        6    #######
 Dispersal                Tloc           #.........   100%        6    #######
 Simulacrum               Ice/Necr       #.........   100%        6    #######
 Summon Hydra             Summ           #.........   100%        7    #######


Dungeon Overview and Level Annotations

Branches:
Dungeon (15/15)            Temple (1/1) D:6            Lair (6/6) D:8
 Shoals (0/4) Lair:4        Snake (1/4) Lair:4        Slime (0/5) Lair:6
    Orc (2/2) D:12            Elf (0/3) Orc:2        Vaults (0/5) D:14
 Depths (0/5) D:15         Bailey (visited)         Volcano (visited)

Altars:
Ashenzari
Cheibriados
Dithmenos
Elyvilon
Fedhas
Gozag
Hepliaklqana
Kikubaaqudgha
Makhleb
Nemelex Xobeh
Okawaru
Qazlal
Ru
Sif Muna
Trog
Uskayaw
Vehumet
Wu Jian
Xom
Yredelemnul
Zin
The Shining One
Beogh
Jiyva

Shops:
D:5 :   D:7 *   D:9 [[[   D:11 :   D:13 (   Orc:1 ?   Orc:2 [=!!

Annotations:
D:7 3 runed translucent doors, Kohma's ghost, novice FoFi
D:10 2 transporters
Snake:1 Louise


Innate Abilities, Weirdness & Mutations

You are too large for most types of armour.
You have claws for hands.
Your metabolism is lightning-fast.
You like to eat raw meat.
You heal very quickly.
You are covered in fur. (AC +1)
You have extremely tough skin. (AC +3)
You have very sharp teeth.
You have supernaturally acute eyesight. (SInv)
You are resistant to hostile enchantments. (MR+)
Armour fits poorly on your pseudopods.
You are covered in slimy tendrils that may disarm your opponents.
You have a small jelly attached to you that may absorb incoming projectiles.
[Scrolls take you a little longer to read.]
[Armour fits poorly on your strangely shaped body.]
[Your body often deteriorates upon taking damage.]
[You are very dopey. (Int -4)]
[Your magical capacity is low. (-10% MP)]
[You are sometimes teleported next to monsters.]


Message History

You feel your power returning.
You feel better.
The thrashing horror roars!
You block the thrashing horror's attack.
The thrashing horror tramples you.
* * * LOW HITPOINT WARNING * * *
You hold your ground!
The large abomination hits you.
* * * LOW HITPOINT WARNING * * *
The large abomination barely misses you.
A red film seems to cover your vision as you go berserk!
You feel yourself moving faster!
You feel mighty!
The thrashing horror roars!
The thrashing horror tramples you but does no damage.
The thrashing horror tramples you.
* * * LOW HITPOINT WARNING * * *
You hold your ground!
The sixfirhy hits you but does no damage.
You block the large abomination's attack.
The sixfirhy hits you but does no damage.
The large abomination hits you!!
You die...

.. .# . # . # . .
. # . $. . . . . .
. . . . . ... #x .
# ## #. # #### ###
#######.†....#
#.@3XZ..####.#
#...X##/....# #
.....#..X......#.#
#.##...##...#. #.
# ##.###...#..# #.
#...#..#. #. #...#
.#. .. ....# .#


You could see 2 thrashing horrors, a large abomination, a sixfirhy and a frost
giant zombie.

Vanquished Creatures
  Asterion (Lair:4)
  A very ugly thing (Abyss:3)
  2 entropy weavers (Lair:6)
  A yaktaur captain (D:15)
  An ogre mage (D:14)
  9 hydras
  Harold (Lair:1)
  3 anacondas (Snake:1)
  5 centaur warriors
  A catoblepas (Lair:4)
  2 death knights
  6 two-headed ogres
  A queen ant (Lair:5)
  3 hell hogs (Abyss:3)
  8 orc high priests
  10 death yaks (Lair:5)
  A naga sharpshooter (Snake:1)
  A deep elf knight (D:15)
  3 shock serpents
  3 skeletal warriors
  3 unseen horrors
  A naga ritualist (Snake:1)
  5 orc knights
  3 anaconda skeletons (Volcano)
  A wolf spider zombie (D:14)
  An orc sorcerer (Orc:2)
  6 ugly things
  2 deep elf magi (D:15)
  2 mana vipers
  9 cyclopes
  Joseph (D:10)
  A guardian serpent (Lair:3)
  10 black mambas
  4 komodo dragons
  5 gargoyles (Volcano)
  30 spiny frogs
  A spiny frog (shapeshifter) (D:15)
  5 rime drakes
  A yaktaur (D:15)
  2 kobold demonologists
  An efreet (D:15)
  3 freezing wraiths
  2 tengu conjurers
  10 trolls
  8 polar bears
  2 harpy skeletons (Volcano)
  Grinder (D:5)
  4 tyrant leeches
  Prince Ribbit (Lair:2)
  47 blink frogs
  10 dream sheep
  20 hippogriffs
  3 flying skulls (Volcano)
  2 vampires
  2 wraiths
  Eustachio (D:5)
  11 wyverns
  5 hungry ghosts
  18 vampire mosquitoes
  3 fire bats (Lair:5)
  48 yaks
  14 humans (D:14)
  2 basilisks
  A naga (Snake:1)
  11 wargs
  14 water moccasins
  23 soldier ants
  3 acid dragons
  5 porcupines
  Duvessa (D:5)
  8 black bears (Lair:2)
  2 ice beasts (D:8)
  26 orc warriors
  5 sky beasts
  2 phantoms (D:7)
  A necrophage (D:15)
  16 centaurs
  13 ogres
  4 boggarts (D:15)
  7 wolves
  5 crocodiles
  2 big kobolds
  34 bullfrogs
  A gnoll sergeant (Orc:2)
  Dowan (D:5)
  A wyvern skeleton (D:6)
  6 scorpions
  10 killer bees
  4 wights (D:11)
  2 troll skeletons (Volcano)
  6 howler monkeys
  A spriggan skeleton (Volcano)
  An electric eel (Lair:6)
  A bullfrog zombie (D:9)
  7 crimson imps
  A centaur zombie (D:8)
  3 hounds
  2 quasits
  3 bullfrog skeletons
  5 jellies
  31 orc priests
  26 orc wizards
  6 centaur skeletons
  2 iguanas
  23 worker ants
  A killer bee zombie (D:6)
  3 naga skeletons (Volcano)
  3 hound skeletons
  A worker ant zombie (D:8)
  Robin (D:2)
  8 gnolls
  A howler monkey zombie (D:9)
  11 adders
  3 shadow imps
  12 white imps (D:14)
  2 oozes (D:1)
  An adder zombie (D:7)
  3 worms
  4 leopard geckos
  138 orcs
  11 giant cockroaches
  12 hobgoblins
  18 jackals
  17 kobolds
  2 quokkas
  6 bats
  7 frilled lizards
  21 goblins
  A leopard gecko skeleton (D:7)
  A quokka skeleton (D:6)
  7 rats
  A plant (Lair:4)
996 creatures vanquished.

Vanquished Creatures (others)
  A very ugly thing (Abyss:3)
  An alligator (shapeshifter) (D:14)
  An orc high priest (Orc:1)
  A deep elf knight (D:15)
  2 glowing orange brains (Abyss:3)
  A wizard (D:15)
  A polar bear (Lair:6)
  A large abomination (Abyss:3)
  2 humans (D:14)
  A hungry ghost (D:12)
  A golden eye (Abyss:3)
  A neqoxec (Abyss:3)
  A vampire mosquito (D:12)
  2 small abominations (Abyss:3)
  A soldier ant (Lair:6)
  3 orc warriors
  An eye of draining (Abyss:3)
  4 bullfrogs
  A quasit (Abyss:3)
  4 orc wizards
  A bullfrog skeleton (D:12)
  A hound (D:12)
  84 jellies
  10 orc priests
  4 worker ants
  11 orcs
  2 bushes (Lair:6)
  27 fungi
  41 plants
  4 starspawn tentacles (Abyss:3)
216 creatures vanquished.

Grand Total: 1212 creatures vanquished

Notes
Turn   | Place    | Note
-------+----------+-------------------------------------------
     0 | D:1      | Heliosone the Troll Fighter began the quest for the Orb.
     0 | D:1      | Reached XP level 1. HP: 22/22 MP: 0/0
   303 | D:1      | Reached XP level 2. HP: 28/29 MP: 1/1
   420 | D:1      | You fall into a shaft and drop 1 floor!
   800 | D:2      | Reached XP level 3. HP: 32/36 MP: 2/2
   815 | D:2      | Reached skill level 3 in Unarmed Combat
   815 | D:2      | Reached XP level 4. HP: 17/45 MP: 3/3
   996 | D:2      | Reached XP level 5. HP: 49/53 MP: 4/4
  1164 | D:2      | Noticed Robin
  1215 | D:2      | Killed Robin
  2282 | D:3      | Reached XP level 6. HP: 28/62 MP: 5/5
  2284 | D:3      | Reached skill level 4 in Unarmed Combat
  3350 | D:4      | Found a roughly hewn altar of Beogh.
  3461 | D:5      | Entered Level 5 of the Dungeon
  3486 | D:5      | Noticed Eustachio
  3729 | D:5      | Killed Eustachio
  3729 | D:5      | Reached XP level 7. HP: 63/71 MP: 6/6
  3997 | D:5      | Noticed Grinder
  3999 | D:5      | Paralysed by Grinder for 5 turns
  4008 | D:5      | Killed Grinder
  4008 | D:5      | Reached skill level 5 in Unarmed Combat
  4055 | D:5      | Noticed Duvessa
  4055 | D:5      | Noticed Dowan
  4065 | D:5      | Killed Duvessa
  4071 | D:5      | Killed Dowan
  4071 | D:5      | Reached skill level 5 in Fighting
  4071 | D:5      | Reached skill level 5 in Shields
  4277 | D:5      | Found Qonorel's Book Shoppe.
  4385 | D:5      | Identified the cursed +1 robe "Toarph" {rPois rC+}
  4581 | D:6      | Reached XP level 8. HP: 79/80 MP: 7/7
  4676 | D:6      | Reached skill level 6 in Unarmed Combat
  4850 | D:6      | Found a staircase to the Ecumenical Temple.
  4859 | Temple   | Entered the Ecumenical Temple
  4955 | Temple   | Became a worshipper of Nemelex Xobeh the Trickster
  5161 | D:6      | Identified the +4 leather armour of the Moneychanger {Str+3
                  | Dex+3 SInv}
  5173 | D:6      | Received a gift from Nemelex Xobeh
  5725 | D:7      | Reached skill level 1 in Throwing
  5781 | D:7      | Noticed Kohma's ghost (novice FoFi)
  5783 | D:7      | Found a runed translucent gate.
  5783 | D:7      | Found a runed translucent gate.
  5783 | D:7      | Noticed a yaktaur
  5787 | D:7      | Found a runed translucent gate.
  5837 | D:7      | Found Gurphewe's Lightly-Used Armoury.
  5852 | D:7      | Reached skill level 7 in Unarmed Combat
  5852 | D:7      | Reached XP level 9. HP: 87/89 MP: 8/8
  6074 | D:7      | Found an iron altar of Okawaru.
  6445 | D:8      | Noticed a two-headed ogre
  6455 | D:8      | Killed a two-headed ogre
  6455 | D:8      | Reached skill level 8 in Unarmed Combat
  6489 | D:8      | Reached * piety under Nemelex Xobeh
  6523 | D:8      | Reached XP level 10. HP: 101/102 MP: 9/9
  6675 | D:8      | Received a gift from Nemelex Xobeh
  6688 | D:8      | Found a staircase to the Lair.
  6997 | D:9      | Found Huneyr's Armour Emporium.
  7013 | D:9      | Found Aptaon's Antique Armour Shop.
  7048 | D:9      | Got a silken robe
  7059 | D:9      | Identified the +0 robe of Hedge Wizardry {rC+ rN+} (You
                  | found it on level 9 of the Dungeon)
  7473 | D:9      | Found Vibor's Antique Armour Emporium.
  7481 | D:10     | Entered Level 10 of the Dungeon
  7563 | D:10     | Found a transporter.
  7802 | D:10     | Reached ** piety under Nemelex Xobeh
  8056 | D:10     | Reached skill level 5 in Throwing
  8330 | D:7      | Bought -3 gold dragon scales for 650 gold pieces
  8466 | D:10     | Received a gift from Nemelex Xobeh
  8502 | D:10     | Reached skill level 9 in Unarmed Combat
  8741 | D:10     | Found a transporter.
  8788 | D:10     | Noticed Joseph
  8801 | D:10     | Killed Joseph
  8801 | D:10     | Reached skill level 1 in Armour
  8976 | D:10     | Noticed a two-headed ogre
  8982 | D:10     | Killed a two-headed ogre
  8982 | D:10     | Reached XP level 11. HP: 111/111 MP: 10/10
  9097 | D:10     | Killed an unseen horror
  9589 | D:11     | Found Ypaga's Book Emporium.
  9695 | D:11     | Noticed a centaur warrior
  9704 | D:11     | Killed a centaur warrior
  9785 | D:11     | Noticed a two-headed ogre
  9799 | D:11     | Killed a two-headed ogre
  9853 | D:11     | Reached skill level 10 in Unarmed Combat
 10521 | Lair:1   | Entered Level 1 of the Lair of Beasts
 11091 | Lair:1   | Received a gift from Nemelex Xobeh
 11435 | Lair:1   | Reached XP level 12. HP: 116/123 MP: 11/11
 11515 | Lair:1   | Reached *** piety under Nemelex Xobeh
 11643 | Lair:1   | Noticed Harold
 11657 | Lair:1   | Killed Harold
 11701 | Lair:1   | Reached skill level 5 in Armour
 11746 | Lair:1   | Received a gift from Nemelex Xobeh
 12012 | Lair:1   | Noticed a seven-headed hydra
 12021 | Lair:1   | Killed a 12-headed hydra
 12078 | Lair:2   | Noticed Prince Ribbit
 12148 | Lair:2   | Reached skill level 11 in Unarmed Combat
 12715 | Lair:2   | Reached skill level 10 in Fighting
 12815 | Lair:2   | Received a gift from Nemelex Xobeh
 12841 | Lair:2   | Killed Prince Ribbit
 12841 | Lair:2   | Reached skill level 5 in Dodging
 13356 | Lair:2   | Reached XP level 13. HP: 133/133 MP: 12/12
 13975 | Lair:3   | Received a gift from Nemelex Xobeh
 14031 | Lair:3   | Identified the Catalogue of Perfectionism
 14035 | Lair:3   | Reached **** piety under Nemelex Xobeh
 14201 | Lair:3   | Received a gift from Nemelex Xobeh
 15004 | Lair:4   | Found a staircase to the Shoals.
 15303 | Lair:4   | Found a staircase to the Snake Pit.
 15706 | Lair:4   | Received a gift from Nemelex Xobeh
 16341 | Lair:4   | Received a gift from Nemelex Xobeh
 16670 | Lair:4   | Reached ***** piety under Nemelex Xobeh
 17348 | Lair:5   | Found a dark tunnel.
 17357 | Volcano  | Entered a volcano
 17456 | Volcano  | Reached XP level 14. HP: 49/143 MP: 13/13
 18184 | Lair:5   | Received a gift from Nemelex Xobeh
 18224 | Lair:5   | Reached skill level 10 in Armour
 18378 | Lair:6   | Entered Level 6 of the Lair of Beasts
 18536 | Lair:6   | Reached skill level 10 in Dodging
 18670 | Lair:6   | Found a viscous altar of Jiyva.
 18686 | Lair:6   | Found a staircase to the Slime Pits.
 18693 | Lair:6   | Fell from the grace of Nemelex Xobeh
 18693 | Lair:6   | Became a worshipper of Jiyva Jirierha the Shapeless
 18937 | Lair:5   | Reached * piety under Jiyva
 19154 | Lair:6   | Reached ** piety under Jiyva
 19281 | Lair:5   | Reached skill level 12 in Unarmed Combat
 19527 | Lair:6   | Reached *** piety under Jiyva
 20243 | Lair:5   | Gained mutation: Your body has grown golden eyes which may
                  | confuse attackers. (Acc +3) [Jiyva's grace]
 20451 | Lair:6   | Reached **** piety under Jiyva
 20541 | Lair:6   | Noticed an entropy weaver
 20552 | Lair:6   | Killed an entropy weaver
 20552 | Lair:6   | Reached XP level 15. HP: 130/149 MP: 11/14
 20583 | Lair:6   | Gained mutation: You have acidic saliva. [Jiyva's grace]
 20742 | Lair:5   | Reached ***** piety under Jiyva
 20813 | Lair:6   | Lost mutation: Your body has grown golden eyes which may
                  | confuse attackers. (Acc +3) [Jiyva's grace]
 21042 | Lair:6   | Reached skill level 13 in Unarmed Combat
 21563 | D:12     | Found a staircase to the Orcish Mines.
 21647 | D:12     | Gained mutation: You have sharp toenails. [Jiyva's grace]
 21679 | D:12     | Reached ****** piety under Jiyva
 21684 | D:12     | Gained mutation: Your system is resistant to poisons.
                  | (rPois) [Jiyva's grace]
 21759 | D:12     | Lost mutation: Your system is resistant to poisons. (rPois)
                  | [Jiyva's grace]
 22409 | Orc:1    | Entered Level 1 of the Orcish Mines
 22409 | Orc:1    | Found a roughly hewn altar of Beogh.
 22569 | Orc:1    | Found Ciuplide's Magic Scroll Boutique.
 22714 | Orc:1    | Bought a scroll of identify for 32 gold pieces
 22714 | Orc:1    | Bought a scroll of identify for 32 gold pieces
 22714 | Orc:1    | Bought a scroll of identify for 32 gold pieces
 22750 | Orc:1    | Gained mutation: You are weak. (Str -2) [Jiyva's grace]
 22859 | Orc:1    | Lost mutation: You are weak. (Str -2) [Jiyva's power]
 22899 | Orc:2    | Entered Level 2 of the Orcish Mines
 22945 | Orc:2    | Found a staircase to the Elven Halls.
 23006 | Orc:2    | Gained mutation: You are agile. (Dex +2) [Jiyva's grace]
 23146 | Orc:2    | Gained mutation: [You are dopey. (Int -2)] [Jiyva's grace]
 23498 | Orc:2    | Gained mutation: Your translucent skin slightly reduces
                  | your foes' accuracy. (Stealth) [Jiyva's grace]
 23557 | Orc:2    | Lost mutation: You have sharp toenails. [Jiyva's grace]
 23570 | Orc:2    | Found Xovvesch's Jewellery Emporium.
 23570 | Orc:2    | Found Zyfell's Armour Boutique.
 23607 | Orc:2    | Lost mutation: [You are dopey. (Int -2)] [Jiyva's grace]
 23608 | Orc:2    | Found a roughly hewn altar of Beogh.
 23621 | Orc:2    | Found a roughly hewn altar of Beogh.
 23639 | Orc:2    | Found Soexu's Distillery.
 23679 | Orc:2    | Found Anguiwy's Distillery.
 23809 | Orc:2    | Lost mutation: Your translucent skin slightly reduces your
                  | foes' accuracy. (Stealth) [Jiyva's grace]
 24084 | Orc:2    | Gained mutation: You are resistant to electric shocks.
                  | (rElec) [Jiyva's grace]
 24094 | Orc:2    | Gained mutation: You are resistant to hostile enchantments.
                  | (MR+) [Jiyva's grace]
 24731 | Orc:1    | Lost mutation: You have acidic saliva. [Jiyva's grace]
 25017 | D:13     | Reached skill level 14 in Unarmed Combat
 25134 | D:13     | Found Wodism's Antique Weapon Shoppe.
 25527 | D:13     | Gained mutation: You have supernaturally acute eyesight.
                  | (SInv) [Jiyva's grace]
 25590 | D:13     | Found a flagged portal.
 25599 | Bailey   | Entered a bailey
 26006 | Bailey   | Gained mutation: You have a small jelly attached to you
                  | that may absorb incoming projectiles. [Jiyva's grace]
 26015 | Bailey   | Lost mutation: You are agile. (Dex +2) [Jiyva's grace]
 26035 | Bailey   | Gained mutation: You heal very quickly. [Jiyva's grace]
 26068 | Bailey   | Gained mutation: You possess an exceptional clarity of
                  | mind. [Jiyva's grace]
 26079 | Bailey   | Gained mutation: [Armour fits poorly on your strangely
                  | shaped body.] [Jiyva's grace]
 26094 | Bailey   | Gained mutation: You are frail. (-10% HP) [Jiyva's grace]
 26237 | D:13     | Lost mutation: [Armour fits poorly on your strangely shaped
                  | body.] [Jiyva's power]
 26450 | D:14     | Paralysed by fainting for 5 turns
 26550 | D:14     | Lost mutation: You are frail. (-10% HP) [Jiyva's grace]
 27051 | D:14     | Found a gate to the Vaults.
 27093 | D:14     | Reached XP level 16. HP: 165/165 MP: 15/15
 27284 | D:14     | Lost mutation: You are resistant to electric shocks.
                  | (rElec) [Jiyva's grace]
 27374 | D:15     | Entered Level 15 of the Dungeon
 27874 | D:15     | XOM: summons 4 hostile demons
 27992 | D:15     | Lost mutation: You possess an exceptional clarity of mind.
                  | [Jiyva's grace]
 28213 | D:15     | Reached skill level 15 in Unarmed Combat
 28390 | D:15     | Gained mutation: You have very sharp teeth. [Jiyva's grace]
 28619 | D:15     | Found a staircase to the Depths.
 29326 | Snake:1  | Entered Level 1 of the Snake Pit
 29326 | Snake:1  | Noticed Asterion
 29341 | Lair:4   | Killed Asterion
 29769 | Snake:1  | Noticed Louise
 29856 | Lair:4   | Gained mutation: You are covered in slimy tendrils that may
                  | disarm your opponents. [Jiyva's grace]
 30117 | Snake:1  | Cast into level 3 of the Abyss (Louise)
 30124 | Abyss:3  | Gained mutation: [You are occasionally teleported next to
                  | monsters.] [a neqoxec]
 30129 | Abyss:3  | Gained mutation: Armour fits poorly on your pseudopods.
                  | [Jiyva's grace]
 30140 | Abyss:3  | Found a corrupted altar of Lugonu.
 30292 | Abyss:3  | Found a corrupted altar of Lugonu.
 30318 | Abyss:3  | Noticed a tentacled starspawn
 30318 | Abyss:3  | Noticed a tentacled starspawn
 30324 | Abyss:3  | Lost intelligence.
 30489 | Abyss:3  | HP: 8/167 [sixfirhy (12)]
 30497 | Abyss:3  | Mangled by a large abomination

Skill      XL: |  1  2  3  4  5  6  7  8  9 10 11 12 13 14 15 16 |
---------------+-------------------------------------------------+-----
Fighting       | 3 4 5 6 7 8 9 10 12 | 12.8
Shields        | 3 4 5 6 7 8 9 |  9.0
Unarmed Combat | 3 4 5 7 8 9 10 11 12 14 15 | 15.5
Throwing       | 1 3 5 8 |  8.0
Armour         | 2 4 7 9 10 11 | 11.0
Dodging        | 5 9 10 | 10.1

Action                   |  1- 3 |  4- 6 |  7- 9 | 10-12 | 13-15 | 16-18 || total
-------------------------+-------+-------+-------+-------+-------+-------++-------
Melee: Unarmed           |    65 |   308 |   266 |   725 |  1812 |   420 ||  3596
       Bite              |       |       |       |       |    69 |    26 ||    95
       Kick              |       |       |       |       |    64 |       ||    64
       Pseudopods        |       |       |       |       |       |     4 ||     4
Throw: Javelin           |       |       |    11 |    20 |    43 |       ||    74
       Dart              |       |       |    10 |    15 |     7 |       ||    32
       Throwing net      |       |       |       |     2 |     3 |       ||     5
       Large rock        |       |       |       |       |    21 |     2 ||    23
Invok: Cure Bad Mutation |       |       |       |       |     2 |       ||     2
 Abil: Evoke Berserk Rag |       |       |       |       |       |     1 ||     1
Evoke: Wand              |       |       |       |       |     1 |       ||     1
  Use: Scroll            |       |       |     7 |     2 |    10 |     6 ||    25
       Potion            |       |       |       |       |       |     7 ||     7
 Stab: Held in net/web   |       |       |       |     1 |     2 |       ||     3
       Confused          |       |       |       |       |     3 |       ||     3
       Distracted        |       |       |       |       |     1 |       ||     1
  Eat: Chunk             |     6 |    28 |    32 |    70 |   104 |    29 ||   269
       Ration            |       |       |       |     3 |     6 |     2 ||    11
Armor: Robe              |    17 |   160 |    71 |    55 |       |       ||   303
       Gold dragon scale |       |       |       |   168 |       |   498 ||   666
       Acid dragon scale |       |       |       |   122 |   191 |       ||   313
       Fire dragon scale |       |       |       |       |   483 |    45 ||   528
Dodge: Dodged            |    16 |   124 |    56 |   198 |   803 |   170 ||  1367
Block: Shield            |    24 |   160 |   112 |   425 |   998 |   366 ||  2085
